 Dungeon Sprint DCSS version 0.30.1-5-ged363bc7ee (webtiles) character file.

Game seed: 16320808990861381134

278 Heoruswealwe the Eclecticist (level 9, -3/45 HPs)
             Began as a Deep Elf Conjurer on Sept 19, 2023.
             Was an Initiate of Gozag.
             Splashed by a goliath frog's acid (8 damage)
             ... in the Dungeon (Sprint VI: "Thunderdome").
             The game lasted 00:20:15 (790 turns).

Heoruswealwe the Eclecticist (Deep Elf Conjurer)     Turns: 790, Time: 00:20:15

Health: -3/45      AC:  2    Str:  4    XL:     9   Next: 83%
Magic:  17/35      EV: 13    Int: 28    God:    Gozag
Gold:   1146       SH:  0    Dex: 17    Spells: 17/49 levels left

rFire   . . .        a - staff of conjuration
rCold   + + .        (no shield)
rNeg    . . .        c - +0 robe
rPois   .            (no helmet)
rElec   .            (no cloak)
rCorr   .            (no gloves)
SInv    .            (no boots)
Will    +....        (no amulet)
Stlth   ++           k - ring of Winter {Wiz rC++ Will+ Dex+4}
HPRegen 0.27/turn    (no ring)
MPRegen 0.24/turn

%: no teleportation, wizardry (x1)
@: no status effects
A: no striking features
a: Renounce Religion, Potion Petition, Call Merchant, Bribe Branch


You were in the Dungeon.
You worshipped Gozag.
Gozag was most pleased with you.
You visited 1 branch You collected 2985 gold pieces.
You spent 1839 gold pieces at shops.

Inventory:

Hand Weapons
 i - a +0 dire flail
 m - a +0 giant club
 u - a +0 spear
Armour
 c - a +0 robe (worn)
Magical Staves
 a - a staff of conjuration (weapon)
Jewellery
 k - the ring of Winter (left hand) {Wiz rC++ Will+ Dex+4}
   (You bought it in a shop in the Dungeon)

   [ring of wizardry]

   It improves your spell success rate.
   Dex:       It affects your dexterity (+4).
   rC:        It greatly protects you from cold.
   Will:      It increases your willpower.
 l - the ring of Sojour Asme {*Slow Fly MP+9 Dex+4 Slay+6}
   (You bought it in a shop in the Dungeon)

   [ring of flight]

   Dex:       It affects your dexterity (+4).
   Slay:      It affects your accuracy & damage with ranged weapons and melee
   (+6).
   MP:        It affects your magic capacity (+9).
   Fly:       It grants you flight.
   *Slow:     It may slow you when you take damage.
 n - the ring of Locw {Fly rN++}
   (You bought it in a shop in the Dungeon)

   [ring of flight]

   rN:        It greatly protects you from negative energy.
   Fly:       It grants you flight.
 o - the ring of Uskayaw, Dripping {rF- rCorr MP-9 EV+5 Dex+9}
   (You bought it in a shop in the Dungeon)

   [ring of evasion]

   EV:        It affects your evasion (+5).
   Dex:       It affects your dexterity (+9).
   rF:        It makes you vulnerable to fire.
   MP:        It affects your magic capacity (-9).
   rCorr:     It protects you from acid and corrosion.
 q - the ring "Umobef" {rElec EV+5 Str-5 Int+5}
   (You bought it in a shop in the Dungeon)

   [ring of evasion]

   EV:        It affects your evasion (+5).
   Str:       It affects your strength (-5).
   Int:       It affects your intelligence (+5).
   rElec:     It insulates you from electricity.
 r - the ring of Broken Luck {rF+ Str-2 Int+5 Slay+4}
   (You bought it in a shop in the Dungeon)

   [ring of slaying]

   Str:       It affects your strength (-2).
   Int:       It affects your intelligence (+5).
   Slay:      It affects your accuracy & damage with ranged weapons and melee
   (+4).
   rF:        It protects you from fire.
 s - the ring "Jaxuewog" {rF++ AC+4}
   (You bought it in a shop in the Dungeon)

   [ring of protection]

   AC:        It affects your AC (+4).
   rF:        It greatly protects you from fire.
 t - the ring "Erawej" {Fire rCorr Str+3 Dex+5}
   (You bought it in a shop in the Dungeon)

   [ring of fire]

   It enhances your fire magic.
   Str:       It affects your strength (+3).
   Dex:       It affects your dexterity (+5).
   rF:        It protects you from fire.
   rC:        It makes you vulnerable to cold.
   rCorr:     It protects you from acid and corrosion.
Wands
 j - a wand of roots (2)
Scrolls
 g - 2 scrolls of blinking
 p - 3 scrolls of fog
Potions
 d - 3 potions of heal wounds
 e - 4 potions of haste
 f - a potion of berserk rage
 h - a potion of resistance
 v - a potion of curing


   Skills:
 - Level 2.4 Dodging
 - Level 2.4 Stealth
 + Level 20.6 Spellcasting
 + Level 17.9 Conjurations


You had 17 spell levels left.
You knew the following spells:

 Your Spells              Type           Power      Damage    Failure   Level
a - Magic Dart            Conj           100%       1d8       0%          1
b - Searing Ray           Conj           100%       2d8       0%          2
c - Dazzling Flash        Conj/Hex       100%       N/A       1%          3
d - Fulminant Prism       Conj/Hex       43%        3d19      1%          4
e - Iskenderun's Mystic   Conj/Tloc      87%        2d17      1%          4
f - Iskenderun's Battles  Conj           100%       2d15      0%          5
g - Iron Shot             Conj/Erth      43%        9d8       2%          6
h - Spellforged Servitor  Conj/Summ      43%        N/A       12%         7

Your spell library contained the following spells:

 Spells                   Type           Power      Damage    Failure   Level


Dungeon Overview and Level Annotations

Branches:
Dungeon (1/1)

Altars:
Cheibriados
Dithmenos
Fedhas
Gozag
Kikubaaqudgha
Makhleb
Okawaru
Qazlal
Ru
Sif Muna
Trog
Uskayaw
Vehumet
Wu Jian
Xom
Yredelemnul
Zin
The Shining One
Lugonu

Shops:
D *[??*?*:[((!!!!


Message History

The mystic blast hits the hornet!!
The hornet is heavily wounded.
The hornet is knocked back by the mystic blast.
The hornet slams into the rock wall!
The hornet is almost dead.
The grasping roots constrict you!
Casting: Iskenderun's Mystic Blast (safe; 1% risk of failure)
Confirm with . or Enter, or press ? or * to list all spells.
You feel a surge of power!
You erupt in a blast of force!
The mystic blast hits the shambling mangrove!
You destroy the shambling mangrove!
The mystic blast hits the hornet!
The hornet is almost dead.
The hornet is knocked back by the mystic blast.
The hornet slams into the stone wall!
You kill the hornet!
Your Spellcasting skill increases to level 20!
Your Conjurations skill increases to level 17!
Casting: Iskenderun's Mystic Blast (safe; 1% risk of failure)
Confirm with . or Enter, or press ? or * to list all spells.
Aiming: Searing Ray (safe; 0% risk of failure)
Press: ? - help, Shift-Dir - straight line, f - hornet
Aim: a hornet (almost dead, 74% to hit)
You feel a surge of power!
The searing ray hits the hornet.
You kill the hornet! (Press . to maintain the ray.)
You now have 885 gold pieces (gained 54).
A goliath frog comes into view.
You see here 234 gold pieces.
You now have 1119 gold pieces (gained 234).
You see here 27 gold pieces.
You now have 1146 gold pieces (gained 27).
The goliath frog is distracted by your dazzling golden aura.
The goliath frog is no longer distracted by gold.
There is an entrance to Faecuq's Identification Station here.
The goliath frog hits you from afar!!
* * * LOW HITPOINT WARNING * * *
You are splashed with acid!
You die...
Your body crumbles into a pile of gold.

######.8.........8
##)_._......###....
###∩........8.# #.8..
##.............###....
#⌠..........###...###.
#⌠..........# #.<.# #.
#⌠..........###...###.
##.............###....
###∩@.F.....8.# #.8..
##∩___......###....
######.8.........8
#⌠...........
###.........#
#_......._#
#_......._#
#_......._#
#∩.......∩#


You could see a goliath frog.

Vanquished Creatures
  A shambling mangrove (D)
  An alligator (D)
  A two-headed ogre (D)
  3 hornets (D)
  A spriggan (D)
  A water moccasin (D)
  5 ogres (D)
  2 scorpions (D)
  6 orc priests (D)
  5 ball pythons (D)
  3 giant cockroaches (D)
29 creatures vanquished.

Notes
Turn   | Place    | Note
-------+----------+-------------------------------------------
     0 | D        | Heoruswealwe the Deep Elf Conjurer began the quest for the
                  | Orb.
     0 | D        | Reached XP level 1. HP: 10/10 MP: 6/6
     0 | D        | Found an iron altar of Okawaru.
     0 | D        | Found a radiant altar of Vehumet.
     4 | D        | Found a blossoming altar of Fedhas.
     4 | D        | Found a burning altar of Makhleb.
     5 | D        | Found a shimmering altar of Xom.
     5 | D        | Found a glowing golden altar of the Shining One.
     5 | D        | Round 1.
     6 | D        | Found Faecuq's Identification Station.
     6 | D        | Found a glowing silver altar of Zin.
     7 | D        | Found Lenukhlic's Advanced Armour.
     7 | D        | Found Fufeuts's Jewellery.
     9 | D        | Found a basalt altar of Yredelemnul.
    10 | D        | Found an opulent altar of Gozag.
    10 | D        | Found a bloodstained altar of Trog.
    10 | D        | Found a shadowy altar of Dithmenos.
    10 | D        | Found Nedghodess's Premium Goods.
    10 | D        | Found Kumn's Weapon Rack.
    11 | D        | Found Joymaup's Miscellaneous Merchandise.
    11 | D        | Found Qosoles's Basic Armour.
    14 | D        | Found a snail-covered altar of Cheibriados.
    18 | D        | Became a worshipper of Gozag Ym Sagoz the Greedy
    39 | D        | Found a stormy altar of Qazlal.
    39 | D        | Found a hide-covered altar of Uskayaw.
    41 | D        | Found Ukkem's Do-It-Yourself Clinic.
    42 | D        | Found Uhuikh's Bottled Wisdom.
    42 | D        | Found Pudinec's Distillery.
    42 | D        | Found an ornate altar of the Wu Jian Council.
    42 | D        | Found Jabb's Distillery.
    53 | D        | Found a shimmering blue altar of Sif Muna.
    54 | D        | Found an ancient bone altar of Kikubaaqudgha.
    71 | D        | Noticed a scorpion
    75 | D        | Found Xutak's Staff Store.
    76 | D        | Found Oratedd's Must-Have Magic.
    76 | D        | Found Qyiby's Magic Scroll Shop.
    79 | D        | Found a sacrificial altar of Ru.
    79 | D        | Found a corrupted altar of Lugonu.
    79 | D        | Found Asent's Magic Scroll Shop.
    84 | D        | Killed a scorpion
    85 | D        | Reached skill level 7 in Spellcasting
    85 | D        | Reached XP level 2. HP: 11/15 MP: 7/12
    85 | D        | Reached XP level 3. HP: 14/19 MP: 8/14
    90 | D        | Learned a level 2 spell: Searing Ray
    90 | D        | Noticed a scorpion
    94 | D        | Learned a level 3 spell: Dazzling Flash
    97 | D        | Killed a scorpion
    98 | D        | Reached skill level 9 in Spellcasting
    98 | D        | Reached XP level 4. HP: 22/24 MP: 9/17
   126 | D        | Arena points: 12 (+12) [x2]
   159 | D        | Bought a sparkling platinum amulet for 45 gold pieces
   159 | D        | Identified the amulet "Wiacrin" {Faith rC+} (You bought it
                  | in a shop in the Dungeon)
   159 | D        | Bought a clouded glass ring for 45 gold pieces
   159 | D        | Identified the ring of Sojour Asme {*Slow Fly MP+9 Dex+4
                  | Slay+6} (You bought it in a shop in the Dungeon)
   159 | D        | Bought a crude jade ring for 45 gold pieces
   159 | D        | Identified the ring "Reidexos" {rF+ Str+6} (You bought it
                  | in a shop in the Dungeon)
   159 | D        | Bought a glittering jade ring for 45 gold pieces
   159 | D        | Identified the ring of Locw {Fly rN++} (You bought it in a
                  | shop in the Dungeon)
   159 | D        | Bought a clouded glass ring for 45 gold pieces
   159 | D        | Identified the ring of Uskayaw, Dripping {rF- rCorr MP-9
                  | EV+5 Dex+9} (You bought it in a shop in the Dungeon)
   159 | D        | Bought a coiled copper ring for 45 gold pieces
   159 | D        | Identified the ring of Winter {Wiz rC++ Will+ Dex+4} (You
                  | bought it in a shop in the Dungeon)
   159 | D        | Bought a slimy marble ring for 45 gold pieces
   159 | D        | Identified the ring "Umobef" {rElec EV+5 Str-5 Int+5} (You
                  | bought it in a shop in the Dungeon)
   159 | D        | Bought an ancient tin ring for 45 gold pieces
   159 | D        | Identified the ring of Broken Luck {rF+ Str-2 Int+5 Slay+4}
                  | (You bought it in a shop in the Dungeon)
   159 | D        | Bought a slimy copper ring for 45 gold pieces
   159 | D        | Identified the ring "Jaxuewog" {rF++ AC+4} (You bought it
                  | in a shop in the Dungeon)
   159 | D        | Bought a shimmering bone ring for 45 gold pieces
   159 | D        | Identified the ring "Erawej" {Fire rCorr Str+3 Dex+5} (You
                  | bought it in a shop in the Dungeon)
   159 | D        | Bought a twitching copper amulet for 45 gold pieces
   159 | D        | Identified the amulet "Pan Geh" {Harm Regen+ Int+4 Slay-4
                  | SInv} (You bought it in a shop in the Dungeon)
   168 | D        | Round 2.
   235 | D        | Learned a level 4 spell: Fulminant Prism
   237 | D        | Noticed a water moccasin
   240 | D        | Learned a level 4 spell: Iskenderun's Mystic Blast
   242 | D        | Killed a water moccasin
   243 | D        | Reached skill level 11 in Spellcasting
   243 | D        | Reached skill level 10 in Conjurations
   243 | D        | Reached XP level 5. HP: 28/28 MP: 8/20
   269 | D        | Arena points: 54 (+42) [x3]
   296 | D        | Bought a potion of experience for 300 gold pieces
   298 | D        | Reached skill level 13 in Spellcasting
   298 | D        | Reached XP level 6. HP: 32/32 MP: 17/24
   330 | D        | Round 3.
   335 | D        | Reached skill level 14 in Spellcasting
   433 | D        | Reached XP level 7. HP: 36/36 MP: 22/26
   490 | D        | Arena points: 138 (+84) [x4]
   508 | D        | Bought a book of Power for 294 gold pieces
   517 | D        | Learned a level 5 spell: Iskenderun's Battlesphere
   524 | D        | Learned a level 6 spell: Iron Shot
   532 | D        | Learned a level 7 spell: Spellforged Servitor
   533 | D        | Round 4.
   542 | D        | Reached skill level 15 in Spellcasting
   583 | D        | Reached skill level 16 in Spellcasting
   595 | D        | Reached XP level 8. HP: 41/41 MP: 9/30
   613 | D        | Noticed a two-headed ogre
   637 | D        | Killed a two-headed ogre
   637 | D        | Arena points: 278 (+140) [x5]
   638 | D        | Reached skill level 17 in Spellcasting
   638 | D        | Reached skill level 15 in Conjurations
   662 | D        | Round 5.
   663 | D        | Noticed an alligator
   673 | D        | Killed an alligator
   674 | D        | Reached skill level 18 in Spellcasting
   674 | D        | Reached XP level 9. HP: 45/45 MP: 8/33
   721 | D        | Noticed a spriggan rider
   738 | D        | Reached skill level 19 in Spellcasting
   747 | D        | Bought a staff of conjuration for 750 gold pieces
   766 | D        | Noticed a shambling mangrove
   774 | D        | Killed a shambling mangrove
   775 | D        | Reached skill level 20 in Spellcasting
   780 | D        | Noticed a goliath frog
   790 | D        | Splashed by a goliath frog's acid

Illustrated notes

Levels and vault maps discovered:
D:        arena_sprint

Skill      XL: |  1  2  3  4  5  6  7  8  9 |
---------------+----------------------------+-----
Spellcasting   | 7 9 11 13 14 16 18 20 | 20.6
Conjurations   | 7 8 10 12 14 16 17 | 17.9
Dodging        | |  2.4
Stealth        | |  2.4

Action                     |  1- 3 |  4- 6 |  7- 9 || total
---------------------------+-------+-------+-------++-------
  Melee: Unarmed           |       |     1 |       ||     1
   Cast: Magic Dart        |     3 |    15 |    11 ||    29
         Searing Ray       |       |     5 |    10 ||    15
         Iskenderun's Myst |       |     1 |    14 ||    15
         Iron Shot         |       |       |     5 ||     5
  Evoke: Wand              |     8 |       |       ||     8
    Use: Potion            |       |     1 |     4 ||     5
         Scroll            |       |       |     2 ||     2
  Dodge: Dodged            |     2 |     3 |     4 ||     9
